 Dungeon Crawl Stone Soup version 0.21-a0-471-gd587bd5 (webtiles) character file.

26273 Laiders the Severer (level 12, -2/108 HPs)
             Began as a Minotaur Berserker on Nov 21, 2017.
             Was a High Priest of Trog.
             Slain by an 11-headed hydra (9 damage)
             ... on level 14 of the Dungeon.
             The game lasted 00:37:58 (12644 turns).

Laiders the Severer (Minotaur Berserker)           Turns: 12644, Time: 00:37:59

Health: -2/108     AC: 19    Str: 24    XL:     12   Next: 96%
Magic:  15/15      EV: 18    Int:  5    God:    Trog [*****.]
Gold:   803        SH:  2    Dex: 12    Spells: 11/11 levels left

rFire    . . .     SeeInvis +   M - +2 battleaxe (chop)
rCold    . . .     Gourm    .   (shield currently unavailable)
rNeg     . . .     Faith    .   q - +1 plate armour
rPois    .         Spirit   .   (helmet restricted)
rElec    .         Reflect  +   U - +0 cloak
rCorr    .         Harm     .   D - +1 pair of gloves
MR       .....                  (no boots)
Stlth    ..........             Y - +2 amulet of reflection
HPRegen  0.28/turn              h - ring of see invisible
MPRegen  0.14/turn              P - +6 ring of evasion

@: no status effects
A: retaliatory headbutt, horns 2
a: Berserk, Trog's Hand, Brothers in Arms, Burn Spellbooks, Renounce Religion


You were on level 14 of the Dungeon.
You worshipped Trog.
Trog was extremely pleased with you.
You were not hungry.

You visited 1 branch of the dungeon, and saw 14 of its levels.
You also visited: Ossuary.

You collected 803 gold pieces.

Inventory:

Hand Weapons
 J - the +2 Maxwell's thermic engine {flame, freeze, rF- rC-}
   (You found it on level 6 of the Dungeon)

   It has been specially enchanted to burn those struck by it, causing extra
   injury to most foes and up to half again as much damage against particularly
   susceptible opponents.
   Big, fiery blades are also staple armaments of hydra-hunters.
   It makes you vulnerable to fire.
   It makes you vulnerable to cold.
 M - a +2 battleaxe of chopping (weapon)
Missiles
 a - 5 tomahawks
 B - 3 throwing nets (quivered)
Armour
 q - a +1 plate armour (worn)
 y - a +2 shield of positive energy
 D - a +1 pair of gloves (worn)
 U - a +0 cloak (worn)
Jewellery
 h - a ring of see invisible (left hand)
 k - a +2 amulet of reflection
 n - a cursed ring of teleportation {unknown}
 K - an uncursed ring of positive energy
 P - a +6 ring of evasion (right hand)
 Y - a +2 amulet of reflection (around neck)
Wands
 A - a wand of flame (24)
 I - a wand of acid (8)
 O - a wand of digging (15)
 S - a wand of disintegration (12)
 T - a wand of random effects (17)
 W - a wand of iceblast (10)
 X - a wand of paralysis (12)
Scrolls
 d - 3 scrolls of fear
 f - 8 scrolls of teleportation
 g - 3 scrolls of magic mapping
 j - 6 scrolls of remove curse
 l - 3 scrolls of fog
 p - a scroll of enchant armour
 v - 6 scrolls of noise
 E - 2 scrolls of immolation
 H - 2 scrolls of blinking
Potions
 e - 2 potions of berserk rage
 o - 3 potions of invisibility
 s - 7 potions of resistance
 t - 12 potions of curing
 u - 3 potions of cancellation
 w - 4 potions of flight
 x - a potion of magic
 z - 2 potions of ambrosia {unknown}
 C - 2 potions of agility
 F - 4 potions of lignification
 G - 2 potions of brilliance {unknown}
 L - 3 potions of might
 N - a potion of mutation {unknown}
Comestibles
 b - 6 meat rations
 c - 8 bread rations
 i - 30 fruits
 m - 18 chunks of flesh
 r - 8 royal jellies


   Skills:
 + Level 10.6 Fighting
 - Level 16.2 Axes
 + Level 10.6 Armour
 + Level 10.6 Dodging
 - Level 4.1 Shields
 + Level 5.9 Evocations


You had 11 spell levels left.
You didn't know any spells.

Dungeon Overview and Level Annotations

Branches:
Dungeon (14/15)            Temple (0/1) D:5            Lair (0/6) D:10
    Orc (0/2) D:12         Vaults (0/5) D:13

Altars:
Ashenzari
Cheibriados
Dithmenos
Elyvilon
Fedhas
Hepliaklqana
Okawaru
Uskayaw
Yredelemnul

Shops:
D:5 =   D:12 *   D:13 :

Annotations:
D:3 Jessica


Innate Abilities, Weirdness & Mutations

You reflexively headbutt those who attack you in melee.
You have a pair of horns on your head.


Message History

The 11-headed hydra bites you but does no damage.
The 11-headed hydra misses you. x2; The 11-headed hydra barely misses you.
The 11-headed hydra bites you but does no damage.
The 11-headed hydra misses you.
The 11-headed hydra completely misses you.
The 11-headed hydra bites you but does no damage. x2
The 11-headed hydra barely misses you.
The 11-headed hydra bites you but does no damage.
The big kobold barely misses you. The 11-headed hydra closely misses you.
The 11-headed hydra barely misses you.
The 11-headed hydra bites you but does no damage.
The 11-headed hydra bites you!
* * * LOW HITPOINT WARNING * * *
The 11-headed hydra completely misses you.
The 11-headed hydra bites you but does no damage.
The 11-headed hydra barely misses you. The 11-headed hydra bites you!
* * * LOW HITPOINT WARNING * * *
The 11-headed hydra bites you but does no damage.
The 11-headed hydra bites you!
You die...

...[...#
#####(####...........
########
#PP≈÷†.≈.#...........
#P≈.†....#.>.........
#≈≈P.....#...........
#P≈≈..P..#...........
#.≈P.....#.=..)).....
#+###'''###...)).....
#).#.....###...).##..
#.KD@....# ##########
##########


You could see a 11-headed hydra and a big kobold.

Vanquished Creatures
  Kirke (D:12)
  Nessos (D:12)
  A vault guard (D:13)
  A rakshasa (D:13)
  2 centaur warriors
  3 two-headed ogres
  An unseen horror (D:14)
  Pikel (D:6)
  A wolf spider zombie (D:13)
  A necromancer (D:13)
  An ugly thing (D:11)
  2 deep elf magi
  4 cyclopes
  4 slime creatures (D:14)
  A kobold demonologist (D:12)
  A freezing wraith (D:14)
  3 trolls
  2 hippogriffs
  2 dream sheep (D:14)
  A wyvern (D:11)
  2 wraiths
  A basilisk (D:10)
  18 yaks
  2 hogs (D:12)
  4 vampire mosquitoes
  A soldier ant (D:11)
  A water moccasin (D:11)
  5 orc warriors
  4 slaves (D:6)
  3 ice beasts
  A black bear (D:10)
  2 sky beasts
  2 phantoms
  5 ogres
  2 necrophages
  12 centaurs
  A crocodile (D:10)
  4 big kobolds
  11 bullfrogs
  10 scorpions
  A wyvern skeleton (D:10)
  3 killer bees (D:6)
  7 wights
  7 electric eels
  3 crimson imps
  A centaur zombie (D:5)
  2 bullfrog zombies
  15 hounds
  A quasit (D:5)
  2 jellies
  9 orc priests
  2 bullfrog skeletons
  11 orc wizards
  13 worker ants
  5 iguanas
  15 mummies
  2 worker ant zombies
  11 gnolls
  11 adders
  A howler monkey skeleton (D:5)
  3 shadow imps
  An adder zombie (D:5)
  An adder skeleton (D:7)
  2 worms (D:3)
  2 dart slugs
  4 leopard geckos
  51 orcs
  2 ball pythons (D:4)
  2 giant cockroaches
  6 goblins
  5 hobgoblins
  5 jackals
  5 quokkas
  10 bats
  4 frilled lizards
  3 goblin skeletons (Ossuary)
  A hobgoblin zombie (D:4)
  15 kobolds
  2 kobold skeletons (Ossuary)
  A kobold zombie (D:4)
  2 orc skeletons (Ossuary)
  2 quokka skeletons
  7 rats
  11 rat skeletons (Ossuary)
394 creatures vanquished.

Vanquished Creatures (collateral kills)
  A centaur skeleton (D:12)
  A meliai zombie (D:12)
  2 yaks (D:10)
  An orc warrior (D:10)
  A sky beast (D:11)
  2 centaurs (D:11)
  A hound (D:12)
9 creatures vanquished.

Vanquished Creatures (others)
  A human (D:12)
  2 orcs (D:12)
  A goblin skeleton (Ossuary)
4 creatures vanquished.

Grand Total: 407 creatures vanquished

Notes
Turn   | Place    | Note
-------+----------+-------------------------------------------
     0 | D:1      | Laiders the Minotaur Berserker began the quest for the Orb.
     0 | D:1      | Reached XP level 1. HP: 19/19 MP: 0/0
    80 | D:1      | Reached skill level 4 in Axes
    89 | D:1      | Reached XP level 2. HP: 23/26 MP: 1/1
   973 | D:2      | Reached skill level 5 in Axes
  1000 | D:2      | Reached skill level 1 in Shields
  1000 | D:2      | Reached XP level 3. HP: 31/31 MP: 2/2
  1436 | D:3      | Found a shattered altar of Ashenzari.
  1492 | D:3      | Found an iron altar of Okawaru.
  1504 | D:3      | Reached XP level 4. HP: 35/39 MP: 3/3
  1516 | D:3      | Reached ** piety under Trog
  1703 | D:3      | Found a snail-covered altar of Cheibriados.
  1740 | D:3      | Noticed Jessica
  1743 | D:3      | Reached skill level 6 in Axes
  1743 | D:3      | Reached XP level 5. HP: 40/45 MP: 4/4
  1860 | D:3      | Found a hazy altar of Hepliaklqana.
  2153 | D:4      | Reached XP level 6. HP: 41/51 MP: 5/5
  2175 | D:4      | Reached skill level 7 in Axes
  2417 | D:4      | Found a sand-covered staircase.
  2420 | D:4      | Reached skill level 8 in Axes
  2461 | Ossuary  | Entered an ossuary
  2655 | Ossuary  | Reached *** piety under Trog
  2852 | Ossuary  | Reached XP level 7. HP: 28/57 MP: 6/6
  3120 | Ossuary  | Reached skill level 9 in Axes
  3878 | D:4      | Found a hide-covered altar of Uskayaw.
  3971 | D:4      | Found a shadowy altar of Dithmenos.
  3976 | D:4      | Found a blossoming altar of Fedhas.
  3995 | D:4      | Reached skill level 10 in Axes
  4011 | D:4      | Reached **** piety under Trog
  4412 | D:5      | Entered Level 5 of the Dungeon
  4437 | D:5      | Reached XP level 8. HP: 64/64 MP: 7/7
  4647 | D:5      | Found Exaawe's Jewellery Boutique.
  4754 | D:5      | Found a staircase to the Ecumenical Temple.
  4772 | D:5      | Reached skill level 11 in Axes
  5001 | D:5      | Reached skill level 12 in Axes
  5129 | D:5      | Found a white marble altar of Elyvilon.
  5438 | D:6      | Found the +2 Maxwell's thermic engine {flame, freeze, rF- rC-}
  5445 | D:6      | Reached skill level 13 in Axes
  5572 | D:6      | Reached XP level 9. HP: 52/70 MP: 8/8
  5582 | D:6      | Noticed Pikel
  5602 | D:6      | Killed Pikel
  5602 | D:6      | Reached skill level 14 in Axes
  5787 | D:6      | Received a gift from Trog
  5834 | D:6      | Found a blossoming altar of Fedhas.
  6227 | D:7      | Reached ***** piety under Trog
  6526 | D:8      | Reached skill level 15 in Axes
  6665 | D:8      | Received a gift from Trog
  6805 | D:8      | Noticed a two-headed ogre
  6810 | D:8      | Killed a two-headed ogre
  6810 | D:8      | Reached skill level 16 in Axes
  6810 | D:8      | Reached XP level 10. HP: 43/77 MP: 3/9
  7421 | D:9      | Reached skill level 5 in Fighting
  7795 | D:9      | Noticed a two-headed ogre
  7803 | D:9      | Killed a two-headed ogre
  7803 | D:9      | Reached skill level 5 in Armour
  8387 | D:10     | Entered Level 10 of the Dungeon
  8473 | D:10     | Reached skill level 5 in Dodging
  8517 | D:10     | Found a staircase to the Lair.
  8847 | D:10     | Reached XP level 11. HP: 92/92 MP: 3/10
  9009 | D:10     | Found a basalt altar of Yredelemnul.
  9420 | D:11     | Noticed a red ugly thing
  9431 | D:11     | Killed a red ugly thing
  9704 | D:11     | Got a faintly glowing scale mail
  9715 | D:11     | Identified the cursed +1 scale mail "Mas Rekk" {rCorr Str+4 Dex-4 SInv} (You found it on level 11 of the Dungeon)
 10252 | D:12     | Received a gift from Trog
 10304 | D:12     | Found Ditulig's Assorted Antiques.
 10351 | D:12     | Noticed a sun demon
 10551 | D:12     | Noticed Kirke
 10563 | D:12     | Killed Kirke
 10594 | D:12     | Noticed Nessos
 10606 | D:12     | Killed Nessos
 10606 | D:12     | Reached XP level 12. HP: 106/106 MP: 3/11
 10687 | D:12     | Reached skill level 10 in Fighting
 10702 | D:12     | Found a staircase to the Orcish Mines.
 10833 | D:12     | Reached skill level 1 in Evocations
 11339 | D:13     | Noticed a two-headed ogre
 11341 | D:13     | Reached skill level 10 in Armour
 11342 | D:13     | Noticed a vault guard
 11346 | D:13     | Killed a two-headed ogre
 11347 | D:13     | Noticed a rakshasa
 11358 | D:13     | Killed a vault guard
 11369 | D:13     | Killed a rakshasa
 11449 | D:13     | Found a gate to the Vaults.
 11487 | D:13     | Noticed a centaur warrior
 11496 | D:13     | Killed a centaur warrior
 11496 | D:13     | Reached skill level 10 in Dodging
 11972 | D:13     | Reached skill level 5 in Evocations
 12092 | D:13     | Received a gift from Trog
 12151 | D:13     | Found Ogestrul's Book Boutique.
 12510 | D:14     | Noticed a centaur warrior
 12519 | D:14     | Killed a centaur warrior
 12632 | D:14     | Noticed a three-headed hydra
 12644 | D:14     | Slain by an 11-headed hydra

Vault maps used:
D:1:      dpeg_arrival_rhombi
D:3:      evilmike_ruin_ashenzari, okawaru_metal_pillars_3, old_standard_altar,
          nicolae_overflow_crystal_walls, first_bread, minmay_ruptured,
          uniq_jessica
D:4:      lemuel_round_altar, minitemple, nicolae_ossuary_entry_giza,
          serial_forest, infiniplex_forest_clump_medium,
          infiniplex_forest_lined_3_way, infiniplex_forest_end_2,
          infiniplex_forest_lined_2, infiniplex_forest_end_2,
          kennysheep_flooded_box
D:5:      lemuel_round_altar, minmay_temple_entry_glass, serial_shops,
          nicolae_shop_behind_doors
D:6:      fedhas_altar_fruit_tree, uniq_pikel
D:7:      lemuel_round_altar
D:10:     erik_lair_island, basic_altar
D:12:     david_orc_2, serial_shops, kennysheep_little_box, uniq_nessos,
          uniq_kirke
D:13:     david_vaults_5, serial_shops, nicolae_shop_behind_doors
D:14:     minmay_tearing_corner, serial_glass, glass_columns_b, glass_columns_b,
          palyth_stone_intersect, hangedman_ranch
Ossuary:  ossuary_due_small_catacomb

Skill      XL: |  1  2  3  4  5  6  7  8  9 10 11 12 |
---------------+-------------------------------------+-----
Axes           | 4 5 6 8 10 13 16 | 16.2
Shields        | 1 2 3 4 |  4.1
Fighting       | 7 9 10 | 10.6
Armour         | 6 9 10 | 10.6
Dodging        | 5 8 10 | 10.6
Evocations     | 5 |  5.9

Action                   |  1- 3 |  4- 6 |  7- 9 | 10-12 || total
-------------------------+-------+-------+-------+-------++-------
Melee: Hand axe          |    80 |   144 |    77 |       ||   301
       Headbutt          |     7 |    28 |    52 |    94 ||   181
       War axe           |       |       |   210 |       ||   210
       Battleaxe         |       |       |     9 |   436 ||   445
       Double sword      |       |       |       |    20 ||    20
Invok: Berserk           |     1 |     2 |     3 |     6 ||    12
       Trog's Hand       |       |     2 |     3 |     5 ||    10
       Burn Spellbooks   |       |       |     2 |     2 ||     4
       Brothers in Arms  |       |       |       |     4 ||     4
Evoke: Wand              |       |       |       |     5 ||     5
  Use: Scroll            |     5 |     5 |    10 |    10 ||    30
       Potion            |       |       |       |     1 ||     1
  Eat: Chunk             |     3 |     5 |    12 |    28 ||    48
       Fruit             |       |       |     2 |       ||     2
       Bread ration      |       |       |     1 |       ||     1
Armor: Animal skin       |     8 |       |       |       ||     8
       Plate armour      |    23 |    60 |   129 |   201 ||   413
Dodge: Dodged            |    51 |    32 |    97 |   454 ||   634
Block: Buckler           |     8 |    22 |    54 |       ||    84
       Shield            |       |       |       |    18 ||    18
       Other             |       |       |       |    21 ||    21
       Reflection        |       |       |       |     3 ||     3
       Rpst.: Double sword |       |       |       |     3 ||     3

Table legend:
 A = Spawn XP
 B = Non-spawn XP
 C = Spawn XP percentage of total XP
 D = Spawn monster count
 E = Non-spawn monster count
 F = Spawn count percentage of total count
 G = Total turns spent on level
                    A         B        C        D         E        F      G
               +---------+---------+-------+---------+---------+-------+---------
         Total |       0 |   37533 |   0.0 |       0 |     398 |   0.0 | 12644
               +---------+---------+-------+---------+---------+-------+---------
           D:1 |       0 |      34 |   0.0 |       0 |      18 |   0.0 |   826
           D:2 |       0 |      35 |   0.0 |       0 |      12 |   0.0 |   514
           D:3 |       0 |     192 |   0.0 |       0 |      28 |   0.0 |   789
           D:4 |       0 |     752 |   0.0 |       0 |      37 |   0.0 |  1459
           D:5 |       0 |     915 |   0.0 |       0 |      26 |   0.0 |   836
           D:6 |       0 |    1715 |   0.0 |       0 |      21 |   0.0 |   852
           D:7 |       0 |     432 |   0.0 |       0 |      14 |   0.0 |   414
           D:8 |       0 |    1699 |   0.0 |       0 |      25 |   0.0 |   477
           D:9 |       0 |    2950 |   0.0 |       0 |      17 |   0.0 |  1396
          D:10 |       0 |    4966 |   0.0 |       0 |      45 |   0.0 |   995
          D:11 |       0 |    2823 |   0.0 |       0 |      27 |   0.0 |   850
          D:12 |       0 |    7434 |   0.0 |       0 |      38 |   0.0 |   907
          D:13 |       0 |    7542 |   0.0 |       0 |      33 |   0.0 |  1163
          D:14 |       0 |    5776 |   0.0 |       0 |      26 |   0.0 |   342
       Ossuary |       0 |     268 |   0.0 |       0 |      31 |   0.0 |   824
               +---------+---------+-------+---------+---------+-------+---------
